[Event "*** Titled Tuesday Blitz"]
[Site "Chess.com"]
[Date "2018.05.01"]
[Round "5"]
[White "LADIESGET2KNOWME"]
[Black "daro94"]
[Result "0-1"]
[WhiteElo "2538"]
[BlackElo "2726"]
[TimeControl "180+2"]
[EndTime "14:08:58 PDT"]
[Termination "daro94 won by resignation"]

1. e4 e5 2. Nf3 Nc6 3. Bc4 Bc5 4. b4 Bxb4 5. c3 Be7 6. d4 Na5 7. Be2 d6 8. Qa4+ c6 9. dxe5 dxe5 10. Nxe5 Nf6 11.
O-O Qc7 12. f4 Nd7 13. Nxd7 Bxd7 14. Nd2 O-O 15. Nf3 c5 16. Qc2 Rfe8 17. e5 c4 18. Be3 Bc5 19. Bd4 b5 20. Ng5 g6 21.
Ne4 Be7 22. g4 Nc6 23. Bf3 Rad8 24. Qf2 Nxd4 25. cxd4 Bc6 26. f5 Qd7 27. e6 Qxd4 28. f6 Ba3 29. exf7+ Kxf7 30. Ng5+ Kxf6 31. Bxc6+ Qxf2+ 32.
Rxf2+ Kxg5 33. Bxe8 Rxe8 34. Rd1 Re5 35. Kg2 c3 36. Rd7 b4 37. Rxh7 Kxg4 38. Rxa7 Rc5 39. Rc2 Kf4 40. Kf2 Ke4 41. Ke2 Rh5 42. Kd1 Rg5 43. Rxa3 bxa3 44. Rxc3 Rg1+ 45. Kc2 Rg2+ 46. Kb3 Rxh2 47. Rg3 Kf5 48. Kxa3 g5 49. Kb3 g4 50.
a4 Rh3 51. Rxh3 gxh3 52. Kb4 h2 53. Kb5 h1=Q 54. Kb6 Qa8 55. a5 Ke5 56. a6 Kd6 57. a7 Kd7 58. Kc5 Kc8 59. Kb6 Qb7+ 60. Kc5 Qxa7+ 61. Kc6 Qc7+ 0-1

[Event "*** Titled Tuesday Blitz"]
[Site "Chess.com"]
[Date "2018.05.01"]
[Round "5"]
[White "SipkeErnst"]
[Black "MikaelyanArman"]
[Result "0-1"]
[WhiteElo "2512"]
[BlackElo "2625"]
[TimeControl "180+2"]
[EndTime "14:08:58 PDT"]
[Termination "MikaelyanArman won by resignation"]

1. d4 d5 2. c4 c6 3. cxd5 cxd5 4. Nc3 Nf6 5. Bf4 Nc6 6. e3 Bf5 7. Nf3 e6 8. Rc1 Rc8 9. Qb3 Bb4 10. Ne5 O-O 11. Nxc6 Bxc3+ 12. Rxc3 Rxc6 13. Rxc6 bxc6 14. Be2 Qa5+ 15. Qc3 Qxa2 16. O-O Ne4 17. Qxc6 Qxb2 18. Ba6 h6 19. h3 Nd2 20. Re1 Ne4 21.
Rf1 Nc3 22. Bd6 Rd8 23. Qc7 Qb6 24. Qxb6 axb6 25. Bc7 Ra8 26. Ra1 Bd3 27. Ra3 Ne2+ 28. Kh2 Bxa6 29. Bxb6 Nc1 30. f3 Nd3 31. g4 Ne1 32. Kg3 Nd3 33. h4 Nb2 34. Bc7 Rc8 35. Bf4 Rc6 36. Rb3 Nd3 37. Rb8+ Rc8 38. Rb6 Nxf4 39.
Kxf4 Bc4 40. h5 Ra8 41. Rc6 Bd3 42. Rc7 g6 43. hxg6 Bxg6 44. e4 dxe4 45. fxe4 Ra1 46. d5 Re1 47. Rc4 exd5 48. exd5 Kf8 49. Rc7 Ke8 50. Ra7 Re4+ 51. Kf3 Rd4 52. Ra8+ Ke7 53. Rh8 Rxd5 54. Rxh6 Kf6 55. Rh8 Kg5 0-1

[Event "*** Titled Tuesday Blitz"]
[Site "Chess.com"]
[Date "2018.05.01"]
[Round "5"]
[White "FMJoseHerrera"]
[Black "krzyzan94"]
[Result "1-0"]
[WhiteElo "2426"]
[BlackElo "2605"]
[TimeControl "180+2"]
[EndTime "14:08:59 PDT"]
[Termination "FMJoseHerrera won on time"]

1. Nf3 Nf6 2. g3 g5 3. Nxg5 d5 4. Nf3 h5 5. h4 c5 6. d4 Nc6 7. Bg2 Bg4 8. c3 e6 9. Bg5 Be7 10. Nbd2 cxd4 11. cxd4 Qa5 12. O-O Rg8 13. a3 Ne4 14. Bxe7 Kxe7 15. Nxe4 dxe4 16. Ng5 Rad8 17. Qb3 Nxd4 18. Qxb7+ Rd7 19. Qxe4 Bf5 20. b4 Bxe4 21.
bxa5 Nxe2+ 22. Kh2 Bxg2 23. Kxg2 f6 24. Nh3 Rd3 25.
Kh2 e5 26. Rfe1 Nd4 27. Kg2 Nc2 28. Red1 Rgxg3+ 29. fxg3 Rxd1 30. Rxd1 Ne3+ 31. Kf3 Nxd1 32. g4 hxg4+ 33. Kxg4 Ne3+ 34. Kf3 Nf5 35. h5 Nh6 36. Ke4 Ke6 37. Nf2 f5+ 38. Ke3 e4 39. Kf4 Kf6 40.
Nd1 Ng4 41. a6 Ne5 42. Nf2 Nc4 43. h6 Ne5 44. h7 Ng6+ 45. Ke3 Ke5 46. Nh3 Kf6 47.
Nf4 Nxf4 48. h8=Q+ Kg5 49. Qd8+ Kg4 50. Qg8+ 1-0

[Event "*** Titled Tuesday Blitz"]
[Site "Chess.com"]
[Date "2018.05.01"]
[Round "5"]
[White "Didici"]
[Black "DrVelja"]
[Result "0-1"]
[WhiteElo "2414"]
[BlackElo "2534"]
[TimeControl "180+2"]
[EndTime "14:09:02 PDT"]
[Termination "DrVelja won on time"]

1. d4 Nf6 2. c4 g6 3. f3 Bg7 4. e4 d6 5. Ne2 O-O 6. Be3 c5 7. d5 e6 8. Nec3 exd5 9. cxd5 a6 10. a4 Nbd7 11. Na3 Ne5 12. Nc4 Nxc4 13. Bxc4 Ne8 14.
O-O Nc7 15. a5 Rb8 16. Qd3 b5 17. axb6 Rxb6 18. b3 f5 19. Rae1 a5 20. Na4 Rb8 21. Bd2 Bd4+ 22. Kh1 Ra8 23. Nb6 Ra7 24. Nxc8 Qxc8 25.
e5 dxe5 26. d6+ Ne6 27. Bc3 Kh8 28. Bxd4 Nxd4 29. Rxe5 Qc6 30. Rd5 Rd7 31. Rxd4 cxd4 32. Qxd4+ Rg7 33. Re1 Re8 34. Re5 h6 35. h4 Kh7 36. Bb5 Qc1+ 37. Kh2 Rd8 38. f4 Qc8 39. Rd5 Qe6 40. d7 Qe7 41. Re5 Qxh4+ 42. Kg1 Qf6 43. Qd5 Qb6+ 44. Kh2 Qc7 45. Re8 Qxf4+ 46. g3 Qf2+ 47. Kh3 Qb6 0-1

[Event "*** Titled Tuesday Blitz"]
[Site "Chess.com"]
[Date "2018.05.01"]
[Round "5"]
[White "Last7Samurai"]
[Black "EmreDedebas"]
[Result "1-0"]
[WhiteElo "2643"]
[BlackElo "2388"]
[TimeControl "180+2"]
[EndTime "14:09:04 PDT"]
[Termination "Last7Samurai won on time"]

1. e4 c5 2. Nf3 e6 3. c3 Nf6 4. e5 Nd5 5. d4 cxd4 6. cxd4 d6 7. Bc4 Nc6 8. O-O Be7 9. Qe2 O-O 10.
Rd1 b6 11. Bd2 Bb7 12. Nc3 Nxc3 13. Bxc3 d5 14. Bd3 h6 15. Rac1 Rc8 16. Bb1 Re8 17. Qd3 g6 18. Qe3 Bf8 19. h4 h5 20. Ng5 Ne7 21. Qf4 Nf5 22. f3 Qe7 23. a3 a5 24. Re1 Bh6 25. Bd2 Rxc1 26. Bxc1 Rc8 27. Bd2 Ba6 28. Qh2 Nxd4 29. Be3 Nc2 30. Bxc2 Rxc2 31.
Qf4 Rxb2 32. Rc1 Bc4 33. Qd4 Bxg5 34. Bxg5 Qc5 35. Qxc5 bxc5 36. Be3 Rb5 37. a4 Rb4 38. Bxc5 Rxa4 39. Rb1 Bd3 40. Rb8+ Kh7 41. Be7 g5 42. hxg5 Kg6 43. Rg8+ Kf5 44. Rg7 Kxe5 45. Rxf7 Bg6 46.
Rf6 Bf5 47. g6 Ra1+ 48. Kh2 Rb1 49. g7 Bh7 50. Rh6 Bg8 51. Rxh5+ Kd4 52. Rh8 1-0

[Event "*** Titled Tuesday Blitz"]
[Site "Chess.com"]
[Date "2018.05.01"]
[Round "5"]
[White "GP9isback23"]
[Black "alturas_pacificas"]
[Result "1-0"]
[WhiteElo "2265"]
[BlackElo "2148"]
[TimeControl "180+2"]
[EndTime "14:09:05 PDT"]
[Termination "GP9isback23 won by resignation"]

1. d4 d5 2. Nf3 Nf6 3. c4 c6 4. Nc3 e6 5. cxd5 exd5 6. Bg5 Nbd7 7. e3 Be7 8. Bd3 Nf8 9. Qc2 Bg4 10. Ne5 Bh5 11. f3 Bg6 12. O-O-O Bxd3 13. Qxd3 Ng6 14. Nxg6 hxg6 15. e4 dxe4 16. fxe4 Qa5 17.
e5 Nd5 18. Bxe7 Nxe7 19. e6 fxe6 20. Qe3 O-O-O 21. Qxe6+ Rd7 22. Rhf1 Qg5+ 23. Kb1 Nf5 24. d5 cxd5 25. Rxd5 Rd8 26. Rfd1 Qe7 27. Qxe7 Nxe7 28. Rxd7 Rxd7 29. Rf1 Nf5 30. Rf2 Ne3 31. h3 a6 32.
Re2 Nd1 33. Ne4 Kb8 34. Kc2 Rd4 35. Ng3 Rd5 36. Re1 Nf2 37. Re2 Nd1 38. Ne4 Rd8 39.
Nd2 Ne3+ 40. Rxe3 Rc8+ 41. Rc3 Rh8 42. Rg3 g5 43. Rxg5 a5 44. Rxg7 b5 45. a3 b4 46.
axb4 axb4 47. Kb3 Rd8 48. Nc4 Rh8 49. Kxb4 Rc8 50. Kb5 Rf8 51. b4 Re8 52. Kc5 Rc8+ 53. Kb5 Rf8 54. g4 Re8 55. h4 Rh8 56. h5 Rd8 57. h6 Rd5+ 58. Ka4 Rd4 59. h7 Rd8 60. Rg8 1-0

[Event "*** Titled Tuesday Blitz"]
[Site "Chess.com"]
[Date "2018.05.01"]
[Round "5"]
[White "Shtembuliak"]
[Black "FastChance"]
[Result "0-1"]
[WhiteElo "2671"]
[BlackElo "2662"]
[TimeControl "180+2"]
[EndTime "14:09:08 PDT"]
[Termination "FastChance won by resignation"]

1. Nf3 Nf6 2. c4 c5 3. Nc3 b6 4. g3 Bb7 5. Bg2 e6 6. O-O Be7 7. d4 cxd4 8. Qxd4 d6 9. Bg5 a6 10. Bxf6 Bxf6 11. Qf4 O-O 12. Rfd1 Be7 13. Ne4 Bxe4 14.
Qxe4 Ra7 15. Rac1 Qc8 16. Nd4 Rc7 17. Qd3 b5 18. b3 d5 19. Bh3 bxc4 20. bxc4 dxc4 21. Qe4 Ba3 22. Nxe6 Bxc1 23. Nxc7 Qxc7 24. Rxc1 c3 25. Qe3 Qa5 26. Rc2 Rd8 27. Qxc3 Qh5 28. Kg2 g6 29. Qf6 Qd5+ 30. f3 Re8 31. Qc3 Qb5 32. Qb2 Qa4 33. Rd2 Qa5 34. Qc2 Qb5 35. Qd3 Qb4 36. Rc2 a5 37. e4 a4 38. Qc3 Qb6 39. Rb2 Qa6 40. Kg1 a3 41. Rd2 Qb6+ 42. Qd4 Qb1+ 43. Bf1 Nc6 44. Qd7 Rd8 45. Qxd8+ Nxd8 46.
Rxd8+ Kg7 47. Rd2 Qe1 48. Rf2 Qe3 49. Kg2 h5 50. h4 Kf6 51. Bc4 Qc3 52. Bb3 Ke5 53. Rc2 Qd3 54. Rc5+ Kf6 55. e5+ Kg7 56. Rc2 Qe3 57. Re2 Qxe2+ 58. Kg1 Qxf3 0-1

[Event "*** Titled Tuesday Blitz"]
[Site "Chess.com"]
[Date "2018.05.01"]
[Round "5"]
[White "Korchmar_Vasiliy"]
[Black "swayamsm"]
[Result "0-1"]
[WhiteElo "2710"]
[BlackElo "2561"]
[TimeControl "180+2"]
[EndTime "14:09:11 PDT"]
[Termination "swayamsm won by resignation"]

1. d4 e6 2. Nf3 Nf6 3. Bf4 c5 4. e3 d5 5. c3 Qb6 6. Qc2 Bd7 7.
Nbd2 Nc6 8. Bd3 Rc8 9. dxc5 Bxc5 10. O-O O-O 11. Nb3 Be7 12. Qe2 Rfd8 13. Rad1 h6 14. Ne5 Nxe5 15. Bxe5 Ba4 16. Bd4 Qc7 17. f4 Nd7 18.
Rf3 e5 19. fxe5 Nxe5 20. Rg3 Bg5 21. Rf1 Nxd3 22. Qxd3 Bxb3 23. axb3 Rf8 24. Rff3 f6 25. Rg4 Qd7 26. Rf5 Rce8 27. Rg3 b6 28. h3 Re4 29.
Rf1 Rfe8 30. Rgf3 R8e6 31. Ra1 Qe7 32. Re1 h5 33. Re2 h4 34. b4 Qe8 35. Re1 Bf4 36. Re2 Bg3 37. b5 Qe7 38. c4 dxc4 39.
Qxc4 Kh7 40. Qd3 Kh8 41. Qc4 Qe8 42. Rc2 Rd6 43. Qd3 Ree6 44. Qf5 Rd8 45. Rc3 Kg8 46. Rf1 Red6 47. Qg4 Qd7 48. Qf3 Qxb5 49. Rc7 Rxd4 50.
exd4 Bxc7 0-1

[Event "*** Titled Tuesday Blitz"]
[Site "Chess.com"]
[Date "2018.05.01"]
[Round "5"]
[White "Arystanner23"]
[Black "vovachesss"]
[Result "0-1"]
[WhiteElo "2391"]
[BlackElo "2396"]
[TimeControl "180+2"]
[EndTime "14:09:12 PDT"]
[Termination "vovachesss won by checkmate"]

1. e4 e5 2. Nf3 d5 3. d4 dxe4 4. Nxe5 Bd6 5. Nc4 Nf6 6. Bg5 O-O 7. Nc3 Re8 8. Be2 Nc6 9. Qd2 h6 10. Bh4 a6 11. Ne3 Be7 12. O-O-O b5 13. g4 Bd7 14. d5 Ne5 15. Qd4 b4 16. Qxe5 Nxg4 17. Bxe7 Rxe7 18.
Qg3 Nxe3 19. Qxe3 bxc3 20. Qxc3 f6 21. Rhg1 Re5 22. d6 c5 23. Bc4+ Kh8 24. h4 Rb8 25. Qg3 Qf8 26. Rd2 Rb4 27. b3 a5 28. f4 exf3 29.
Qxf3 Rf5 30. Qe3 Re5 31. Qf3 Rf5 32. Qe2 Re5 33. Qg2 a4 34. Rd3 axb3 35. axb3 Rb6 36. Rg3 g5 37. hxg5 fxg5 38. Rf1 Qg7 39. Qa8+ Re8 40.
Qa5 Rxd6 41. Kb1 Bc6 42. Qxc5 Ra8 43. c3 Be4+ 44. Kb2 Rd2+ 45. Kc1 Rc2+ 46. Kb1 Rxc3+ 47. Kb2 Rc2+ 48. Kb1 Qb2# 0-1

[Event "*** Titled Tuesday Blitz"]
[Site "Chess.com"]
[Date "2018.05.01"]
[Round "5"]
[White "Bryakin_Mikhail"]
[Black "Jbd735"]
[Result "1-0"]
[WhiteElo "2606"]
[BlackElo "2339"]
[TimeControl "180+2"]
[EndTime "14:09:16 PDT"]
[Termination "Bryakin_Mikhail won on time"]

1. d4 d5 2. Nf3 Nf6 3. c4 c6 4.
g3 e6 5. Bg2 dxc4 6. O-O b5 7.
Ne5 Bb7 8. b3 cxb3 9. axb3 Qb6 10.
Nc3 Nbd7 11. Bb2 Rd8 12. Qc2 Be7 13. Nd3 O-O 14. b4 Ra8 15. Nc5 Nxc5 16. dxc5 Qc7 17. Ne4 Nxe4 18. Qxe4 a5 19. Qg4 e5 20. Qf5 Bf6 21.
bxa5 Rxa5 22. Rxa5 Qxa5 23. Bxe5 Bxe5 24. Qxe5 b4 25. Be4 g6 26. Ra1 Qd8 27. Qb2 Re8 28. Bd3 Bc8 29. Qxb4 Qd5 30. Qc4 Qe5 31. Ra7 Be6 32. Qc1 Bd5 33. Ra4 Qh5 34. f3 Qe5 35. Kf2 Rb8 36. Qe3 Qf6 37. Qd4 Qe7 38. h4 Re8 39. h5 Qe6 40. h6 f6 41. Ra7 Qe5 42. Rg7+ Kh8 43. Qxe5 fxe5 44. Ke3 Rf8 45. Rc7 Re8 46.
Be4 Kg8 47. Rd7 Bxe4 48. Kxe4 Rf8 49. Rg7+ Kh8 50. Rc7 Re8 51. Rxc6 g5 52. Rc7 g4 53. fxg4 Rg8 54. Rg7 Rc8 55. Re7 Rg8 56. g5 Rc8 57. c6 Rd8 58. c7 Rd4+ 59. Kxe5 1-0

[Event "*** Titled Tuesday Blitz"]
[Site "Chess.com"]
[Date "2018.05.01"]
[Round "5"]
[White "Oleksandr_Bortnyk"]
[Black "GrigorGrigorov"]
[Result "1-0"]
[WhiteElo "2790"]
[BlackElo "2660"]
[TimeControl "180+2"]
[EndTime "14:09:17 PDT"]
[Termination "Oleksandr_Bortnyk won by resignation"]

1. d4 Nf6 2. Nc3 d5 3. Bf4 c6 4. e3 g6 5. h4 h5 6. Nf3 Bg4 7. Be2 Bxf3 8. Bxf3 Bg7 9. Qe2 e6 10. O-O-O Nbd7 11. a3 b5 12. e4 Nb6 13. Bg5 Bh6 14.
Kb1 Bxg5 15. hxg5 Nxe4 16. Bxe4 dxe4 17. Nxe4 Nd5 18. g4 h4 19. f4 Qc7 20. f5 O-O-O 21. fxe6 Nf4 22. Qf2 Nxe6 23. d5 cxd5 24. Nc3 d4 25. Nxb5 Qb7 26. a4 h3 27. Qg3 Qb8 28. Qf3 Qb7 29. Qg3 Qb8 30. Qd3 a6 31. Qc4+ Kb7 32. Nxd4 Nxd4 33. Rxd4 Rxd4 34. Qxd4 h2 35. Qd5+ Ka7 36. Qxf7+ Ka8 37. Qf6 Rh3 38. Qxa6+ Qa7 39. Qc8+ Qb8 40. Qa6+ Qa7 41. Qxa7+ Kxa7 42. b4 Rh4 43. c3 Kb6 44. Kb2 Kc6 45. Kb3 Kd5 46. a5 Rh8 47. a6 Kc6 48. c4 Kb6 49. b5 Ka5 50. Kc3 Kb6 51. Kd4 Rh4 52. Kd5 Rxg4 53. Rxh2 Rxg5+ 54. Kd6 1-0

[Event "*** Titled Tuesday Blitz"]
[Site "Chess.com"]
[Date "2018.05.01"]
[Round "5"]
[White "Margency"]
[Black "nubair1198"]
[Result "0-1"]
[WhiteElo "2532"]
[BlackElo "2542"]
[TimeControl "180+2"]
[EndTime "14:09:17 PDT"]
[Termination "nubair1198 won by checkmate"]

1. e4 c6 2. c4 d5 3. exd5 cxd5 4. cxd5 Nf6 5. Nc3 Nxd5 6. Nf3 Nc6 7. Bb5 e6 8. O-O Be7 9. d4 O-O 10. Re1 Nxc3 11. bxc3 Bd7 12. Bd3 Rc8 13. Bd2 Na5 14.
Ne5 Bc6 15. Qh5 f5 16. c4 Bf6 17. Bc3 b5 18. Nxc6 Nxc6 19. cxb5 Nxd4 20. Bxd4 Bxd4 21. Rad1 Qb6 22. Qe2 Rf6 23. Rc1 Rd8 24. Bc4 Kh8 25.
Bb3 e5 26. Rc2 e4 27. Rec1 Rfd6 28. g3 h6 29. Qh5 e3 30. Qxf5 exf2+ 31. Kg2 Rf6 32. Qe4 Qxb5 33. Rf1 Bb6 34. Re2 Qd7 35. h4 Rdf8 36. Rc2 Qd6 37. Qg4 Qe5 38. Rc8 Bd8 39.
Rc4 Bc7 40. Re4 Qd6 41. Re2 Qc6+ 42. Kh2 Rf3 43. Bc2 Rxg3 44. Qe4 Rg4+ 45. Kh3 Rxe4 46. Bxe4 Qc3+ 47. Kg4 Qg3+ 48. Kh5 Qe5+ 49. Kg4 Qf4+ 50.
Kh5 Rf5+ 51. Kg6 Qg4# 0-1

[Event "*** Titled Tuesday Blitz"]
[Site "Chess.com"]
[Date "2018.05.01"]
[Round "5"]
[White "el-reptiliano"]
[Black "lolo9292"]
[Result "0-1"]
[WhiteElo "1622"]
[BlackElo "1812"]
[TimeControl "180+2"]
[EndTime "14:09:18 PDT"]
[Termination "lolo9292 won on time"]

1. d4 Nf6 2. c4 e6 3. Nf3 Bb4+ 4. Bd2 Qe7 5. g3 Nc6 6. Nc3 Bxc3 7. Bxc3 Ne4 8. Qc2 Nxc3 9. Qxc3 Qb4 10. Bg2 Qxc3+ 11.
bxc3 d6 12. O-O Bd7 13. Rab1 b6 14. d5 exd5 15. cxd5 Na5 16. Nd4 Nc4 17. Rfd1 Ke7 18.
e4 a5 19. Bf1 Ne5 20. f4 Ng6 21. Bb5 h5 22. Nf5+ Bxf5 23. exf5 Nf8 24. Re1+ Kf6 25. Kg2 Rc8 26. Kf3 Kxf5 27. h3 Kf6 28. Re2 g5 29.
fxg5+ Kg6 30. Bd3+ Kxg5 31. Re7 Kf6 32. Rbe1 c6 33.
Ba6 Ng6 34. Bxc8 Nxe7 35. Bb7 cxd5 36. Rd1 Rb8 37. Bxd5 Nxd5 38. Rxd5 Rc8 39. Rxd6+ Ke5 40. Rd3 Rc4 41. Re3+ Kf5 42. Ke2 Re4 43. Kd3 Rxe3+ 44. Kxe3 Ke5 45. a4 f5 46. Kf3 b5 47. axb5 a4 48.
b6 Kd6 49. b7 Kc7 50. Kf4 a3 51. Kxf5 a2 52. g4 a1=Q 53. gxh5 Qxc3 54. h6 Qh8 55. Kg6 Kxb7 56. h7 Kc7 57. h4 Kd7 58. h5 Ke7 59. h6 Kf8 60. Kh5 Qxh7 61. Kg5 Kf7 62. Kh5 Qg6+ 63. Kh4 Qxh6+ 64. Kg4 Qe3 65. Kf5 Qd4 66.
Kg5 Qe4 0-1

[Event "*** Titled Tuesday Blitz"]
[Site "Chess.com"]
[Date "2018.05.01"]
[Round "5"]
[White "juniortay"]
[Black "GameOverBro"]
[Result "1/2-1/2"]
[WhiteElo "2356"]
[BlackElo "2415"]
[TimeControl "180+2"]
[EndTime "14:09:21 PDT"]
[Termination "Game drawn by stalemate"]

1. e4 d6 2. Nc3 Nf6 3. f4 d5 4. e5 d4 5. Nce2 Nd5 6. Nxd4 Nxf4 7. Ngf3 g5 8. d3 Bg7 9. Bxf4 gxf4 10. Qe2 c5 11.
Nb3 Nc6 12. O-O-O Nd4 13. Nfxd4 cxd4 14. Qe4 h5 15. Kb1 Bg4 16. Re1 Rc8 17. Qxd4 Qxd4 18. Nxd4 Rc5 19. h3 Rxe5 20. Rxe5 Bxe5 21. hxg4 Bxd4 22. Rxh5 Rg8 23. Be2 e6 24. c3 Bb6 25.
Bf3 Ke7 26. Kc2 Bc7 27. d4 b6 28. Kd3 Bd6 29. Ke4 Rc8 30. Rh7 Kf6 31. g5+ Kg6 32.
Rh5 b5 33. Rh6+ Kg7 34. Bh5 a5 35. Rf6 Rf8 36. b3 Be7 37. Rxf4 Bxg5 38. Rf3 Rd8 39.
c4 f5+ 40. Kd3 bxc4+ 41. bxc4 Kf6 42. Rf1 e5 43. d5 e4+ 44. Kd4 Bd2 45. c5 a4 46. Bg4 Kg5 47. Bxf5 e3 48. Bd3 Re8 49. d6 e2 50. Bxe2 Rxe2 51. d7 Ba5 52. c6 Rxg2 53. Rb1 Kf6 54. Rb5 Bc7 55. Rb7 Be5+ 56. Kd5 Rd2+ 57.
Ke4 Rd4+ 58. Ke3 Ke6 59. c7 Bxc7 60. Rxc7 Rxd7 61. Rxd7 Kxd7 62. Kd4 Kc6 63. Kc4 Kb6 64. Kb4 Ka6 65. Kxa4 Ka7 66. Kb4 Ka8 67. Kb5 Kb8 68.
Kb6 Ka8 69. a4 Kb8 70. a5 Ka8 71. a6 Kb8 72. a7+ Ka8 73. Ka6 1/2-1/2

[Event "*** Titled Tuesday Blitz"]
[Site "Chess.com"]
[Date "2018.05.01"]
[Round "5"]
[White "DishonorOnYourCow"]
[Black "XiaoKangZhong"]
[Result "0-1"]
[WhiteElo "2291"]
[BlackElo "2206"]
[TimeControl "180+2"]
[EndTime "14:09:24 PDT"]
[Termination "XiaoKangZhong won by resignation"]

1. d4 Nf6 2. c4 g6 3. Nc3 d5 4.
cxd5 Nxd5 5. e4 Nxc3 6. bxc3 Bg7 7. Bc4 c5 8. Ne2 O-O 9. O-O Nc6 10. Be3 Qc7 11. Rc1 Rd8 12. Bf4 Be5 13. Bxe5 Nxe5 14. Bb3 b5 15. Bd5 Nc6 16. c4 b4 17. Qb3 e6 18.
Bxc6 Qxc6 19. d5 Qa6 20. Nf4 exd5 21. exd5 Bd7 22. Nd3 Rac8 23. Rfe1 Bf5 24. Ne5 Re8 25. Nc6 Qb7 26. h3 Kg7 27. Qb2+ f6 28. g4 Be4 29. g5 Qf7 30. Qxf6+ Qxf6 31. gxf6+ Kxf6 32. Nxa7 Ra8 33. Nb5 Re5 34. Nd6 Rg5+ 35. Kf1 Bd3+ 36. Re2 Rxa2 37. Ne4+ Kf5 38. Nxg5 Bxe2+ 39. Ke1 Kxg5 40. d6 Ra6 41. Kxe2 Rxd6 42. Rg1+ Kf5 43. Ke3 Rd4 44. Rc1 g5 45. f3 h6 46. Rc2 Ke5 47. Rc1 Rh4 48.
Rd1 Rd4 49. Rc1 Rh4 50. Rc2 b3 51. Rb2 Rxc4 52. Rxb3 Rh4 53. Rc3 c4 54. Rc1 Kd5 55. Rd1+ Kc5 56. Rd8 Rxh3 57. Rc8+ Kb4 58. Rc6 g4 59.
Rb6+ Kc5 60. Rb8 Rxf3+ 61. Kd2 h5 62. Rc8+ Kd5 63. Rd8+ Ke5 64. Re8+ Kf4 65. Rh8 Rh3 66.
Rf8+ Kg5 67. Rc8 c3+ 68. Kc2 Rf3 69. Rg8+ Kh4 70. Kd1 Kh3 71. Rg5 h4 72. Ke2 c2 73.
Rc5 Rg3 74. Kf2 Rg2+ 75. Kf1 g3 76. Rc4 Rf2+ 77. Kg1 Rd2 0-1

[Event "*** Titled Tuesday Blitz"]
[Site "Chess.com"]
[Date "2018.05.01"]
[Round "5"]
[White "chessking2151"]
[Black "Msb2"]
[Result "1-0"]
[WhiteElo "2432"]
[BlackElo "2696"]
[TimeControl "180+2"]
[EndTime "14:09:29 PDT"]
[Termination "chessking2151 won by checkmate"]

1. d4 Nf6 2. c4 e6 3. Nf3 d5 4.
Nc3 Bb4 5. Bg5 dxc4 6. e4 h6 7. Bxf6 Qxf6 8. Bxc4 c5 9. O-O O-O 10. e5 Qd8 11. d5 Bxc3 12. bxc3 exd5 13. Bxd5 Nc6 14.
Bxc6 bxc6 15. Qa4 Qd3 16. Rac1 Be6 17. c4 Rfc8 18. Rfd1 Qe4 19. Qa3 Rd8 20. Re1 Qg6 21. Qxc5 Rd3 22. Nd4 Bh3 23. Qxc6 Qxg2+ 24. Qxg2 Bxg2 25.
Red1 Rxd1+ 26. Rxd1 Bb7 27. Rb1 Be4 28. Re1 Bg6 29.
c5 Kf8 30. f4 Rd8 31. Rd1 Ke8 32. Kf2 Be4 33. Ke3 Bd5 34. Rb1 Rc8 35. Rb5 Bxa2 36. Ra5 Bd5 37. Nf5 Rc7 38. Kd4 Bh1 39. Nxg7+ Kd7 40. Nf5 Kc6 41. Nd6 Kd7 42. Ra6 Ke7 43. f5 Bc6 44. Rxa7 Rxa7 45. Nc8+ Kd8 46. Nxa7 Be8 47.
c6 Kc7 48. Kc5 h5 49. Nb5+ Kd8 50. Kd6 Bxc6 51. Kxc6 Ke7 52. Kd5 h4 53. f6+ Kf8 54. Kd6 Kg8 55. Ke7 h3 56. Nd6 Kh7 57. Kxf7 Kh6 58.
Kg8 Kg5 59. f7 Kf4 60. f8=Q+ Ke3 61. Qf5 Kd4 62. Nc4 Kc3 63. e6 Kd4 64. Ne3 Kc3 65. Qxh3 Kd4 66. Qg4+ Kc3 67. Qc4+ Kd2 68. Nd5 Ke1 69.
Qc2 Kf1 70. Nf4 Ke1 71. Qe2# 1-0

[Event "*** Titled Tuesday Blitz"]
[Site "Chess.com"]
[Date "2018.05.01"]
[Round "5"]
[White "Abund"]
[Black "Kouzari"]
[Result "1-0"]
[WhiteElo "2508"]
[BlackElo "2625"]
[TimeControl "180+2"]
[EndTime "14:09:43 PDT"]
[Termination "Abund won by resignation"]

1. Nf3 d5 2. d4 c6 3. c4 Nf6 4. e3 Bf5 5. Nc3 e6 6. Bd3 Bxd3 7. Qxd3 Nbd7 8. O-O Bb4 9. Bd2 Bxc3 10. Bxc3 O-O 11. b3 Re8 12. Bb2 Qb6 13. Rac1 Qa6 14. Qb1 Ne4 15.
Rfd1 b5 16. cxd5 cxd5 17. Ne1 Rac8 18. Nd3 Rxc1 19. Rxc1 Rc8 20. f3 Nef6 21. Nc5 Nxc5 22. dxc5 b4 23. Bxf6 gxf6 24. Qb2 e5 25. Qd2 Qb7 26. h3 a5 27. Kh2 Qc6 28. Qd3 Rd8 29.
Qf5 d4 30. exd4 Rxd4 31. Rc2 Rf4 32. Qd3 Rd4 33. Qe3 Kg7 34. Qe1 h5 35. Qg3+ Kh7 36. Qf2 h4 37. Rc4 Rxc4 38. bxc4 a4 39. Qxh4+ Kg7 40.
Qf2 Kf8 41. Qe3 Qb7 42. h4 b3 43. c6 Qxc6 44. axb3 a3 45. Qa7 Qd6 46. c5 Qd4 47.
Qa5 Qxh4+ 48. Kg1 Qd4+ 49. Kh2 Qf4+ 50. Kh1 Qc1+ 51. Kh2 Qf4+ 52. Kh1 Qh4+ 53. Kg1 Qd4+ 54. Kh2 Qb2 55. c6 a2 56. c7 a1=Q 57. c8=Q+ Kg7 58.
Qg4+ Kh6 59. Qd8 Qbb1 60. Qh8+ 1-0

[Event "*** Titled Tuesday Blitz"]
[Site "Chess.com"]
[Date "2018.05.01"]
[Round "5"]
[White "Vamostodorecto"]
[Black "Maghalashvili"]
[Result "1-0"]
[WhiteElo "2403"]
[BlackElo "2590"]
[TimeControl "180+2"]
[EndTime "14:09:43 PDT"]
[Termination "Vamostodorecto won on time"]

1. d4 g6 2. c4 Bg7 3. e4 d6 4.
Nc3 Nf6 5. Be2 O-O 6. Nf3 c5 7.
d5 Bg4 8. O-O e6 9. Bg5 h6 10. Bf4 Nh5 11. Be3 exd5 12. cxd5 Bxf3 13. Bxf3 Nf6 14. Qd2 Kh7 15. e5 dxe5 16. Bxc5 Re8 17. Rfe1 Nbd7 18. Ba3 Nb6 19. d6 Nc4 20. Qd3 Nxa3 21.
bxa3 Qd7 22. Rab1 Rab8 23. Rb5 Red8 24. Rd1 Qe6 25. Rxb7 Rxb7 26. Bxb7 Ne8 27. d7 Nf6 28. Bc8 e4 29. Qd6 Qf5 30. Qc7 Ng4 31. Nxe4 Qxe4 32. Qxd8 Qf4 33. Qh4 Bf6 34. d8=Q Bxd8 35. Qxg4 Qf6 36.
Qd7 Bb6 37. Qd2 Qc6 38. Bg4 Qc5 39.
a4 Kg7 40. Bf3 h5 41. h3 f5 42. Rf1 Qe5 43. Qe2 Qf4 44. Qe7+ Kh6 45. Qe2 h4 46. Rd1 Qg3 47. Qd2+ Kh7 48. Qd7+ Kh6 49. Qd2+ Kh7 50. a5 Bc5 51. Qc2 Qe5 52. Rd7+ Kh6 53. Qd2+ f4 54. Rd5 Qe7 55. Qxf4+ Kh7 56. Qe5 1-0

[Event "*** Titled Tuesday Blitz"]
[Site "Chess.com"]
[Date "2018.05.01"]
[Round "5"]
[White "MFBerna"]
[Black "Alzhur"]
[Result "1/2-1/2"]
[WhiteElo "2294"]
[BlackElo "2481"]
[TimeControl "180+2"]
[EndTime "14:09:47 PDT"]
[Termination "Game drawn by agreement"]

1. e4 c5 2. Nf3 e6 3. d4 cxd4 4. Nxd4 a6 5. Bd3 Qc7 6. O-O Nf6 7. Nc3 Nc6 8. Be3 Ne5 9. h3 Bc5 10. f4 Nc6 11. Nce2 Qb6 12. c3 d6 13. b4 Bxd4 14.
Nxd4 Nxd4 15. Bxd4 Qc7 16. e5 dxe5 17. fxe5 Nd5 18. Qf3 O-O 19. Rae1 b5 20. Re4 g6 21.
Rh4 Qe7 22. Qg3 Bb7 23. Bc5 Qd8 24. Bxf8 Qxf8 25. Be4 Rc8 26. Bxd5 Bxd5 27. Rhf4 Rc7 28. Qf2 Bc4 29. Rd1 Bd5 30. Rxd5 exd5 31. e6 f5 32. Qd4 Qd6 33. Rf3 Re7 34. Rd3 Rxe6 35. Qxd5 Qxd5 36. Rxd5 Rc6 37. a4 bxa4 38. Ra5 Rxc3 39.
Rxa4 Rc6 40. Kf2 Kf7 41. Ke3 Ke6 42. Kd4 Rd6+ 43. Kc5 Rd5+ 44. Kc4 Rd2 45. Rxa6+ Ke5 46. Ra7 h5 47. b5 Rxg2 48. b6 Rb2 49. Ra5+ Kd6 50.
Rb5 Rc2+ 51. Kd4 Rc8 52. b7 Rb8 53. Rb6+ Kc7 54. Rxg6 Rxb7 55. Rg7+ Kc6 56. Rxb7 Kxb7 57. Ke5 Kc7 58. Kxf5 Kd7 59. Kg5 Ke7 60. Kxh5 Kf7 61. Kh6 Kg8 1/2-1/2

[Event "*** Titled Tuesday Blitz"]
[Site "Chess.com"]
[Date "2018.05.01"]
[Round "5"]
[White "Caisachess"]
[Black "Mbneu"]
[Result "0-1"]
[WhiteElo "2159"]
[BlackElo "2281"]
[TimeControl "180+2"]
[EndTime "14:09:49 PDT"]
[Termination "Mbneu won by resignation"]

1. e4 e5 2. Nf3 Nc6 3. Bc4 Nf6 4. d3 Bc5 5. c3 d6 6. Bb3 a6 7. Nbd2 h6 8. Nf1 g5 9. h3 Be6 10. Ng3 Qd7 11. Be3 O-O-O 12. Qe2 Rhe8 13. O-O-O Bxe3+ 14.
Qxe3 Bxb3 15. axb3 Na5 16. Kc2 Qb5 17. b4 Qa4+ 18.
Kb1 Nb3 19. Qa7 Nd7 20. Qe3 a5 21. bxa5 Nxa5 22. Nd2 Nc5 23. d4 Ncb3 24. Nxb3 Nxb3 25. d5 b6 26. Nf1 Kb7 27. Nd2 Nc5 28. c4 Ra8 29.
Qc3 Ra7 30. Rhe1 Rea8 31. Re3 Qd7 32. Nb3 Nxb3 33. Qxb3 f5 34. f3 Ra1+ 35. Kc2 Rxd1 36. Kxd1 Ra1+ 37. Kc2 Rg1 38. Re2 g4 39. exf5 Qxf5+ 40. Kd2 Qf4+ 41. Qe3 Qxc4 42. Qc3 Qxd5+ 43. Ke3 gxf3 44.
gxf3 Qc5+ 45. Qxc5 bxc5 46. Ke4 Rg3 47. Rh2 Kc6 48.
h4 Rg1 49. Kf5 Kd5 50. Rd2+ Kc4 51. Ke6 Rh1 52. Kd7 Rxh4 53. Kxc7 Rd4 54. Re2 Kb3 55. Rh2 Rd3 56. Kc6 c4 57. Kb5 d5 58. Kc5 d4 59.
Kd5 c3 60. bxc3 dxc3+ 61. Kxe5 c2 0-1